[ AOE2 MATCH · #506279975 ]
UnrankedPortuguese vs Romans
Player's team · LOSS
Rival team · WIN
[ REPLAY ANALYSIS · EXTRACTED FROM THE RECORDED GAME ]
Feudal
9:47
Castle
27:27
Imperial
—
| APM avg | 88.1 |
| APM peak | 153 |
| eAPM avg | 48.3 |
| Villagers / military | 71 / 61 |
Focus
⚔️ 52.3% · 🌾 47.7%
Organ Gun ×29 · Skirmisher ×13 · Militia ×7 · Scout Cavalry ×5 · Knight ×4 · Archer ×3
Feudal
10:41
Castle
24:44
Imperial
39:43
| APM avg | 76.9 |
| APM peak | 116 |
| eAPM avg | 40.7 |
| Villagers / military | 164 / 95 |
Focus
⚔️ 53.7% · 🌾 46.3%
Militia ×47 · Spearman ×18 · Battering Ram ×11 · Archer ×7 · Skirmisher ×6 · Trebuchet (Packed) ×3
Match map
Initial resources + every placement click. Lines = walls · curves = elevation contours. ◆ gold · ⬟ stone · ● berries · ✦ relic · ◌ wall gap
Your base· Open — 4t gap
DS_SayGG's base· Open — unwalled flank
Smoothed initial terrain · ◌ = detected wall gap · hover for details
Inputs per minute
— Parzivall - - DS_SayGG
Build order — Parzivall
First 150 of 320 actions detected
| 0:01 | Queue | Villager (Male) |
| 0:02 | Build | House |
| 0:03 | Build | House |
| 0:07 | Queue | Villager (Male) |
| 0:08 | Queue | Villager (Male) |
| 0:10 | Queue | Villager (Male) |
| 0:10 | Queue | Villager (Male) |
| 1:24 | Queue | Villager (Male) |
| 1:24 | Queue | Villager (Male) |
| 1:25 | Queue | Villager (Male) |
| 1:45 | Build | Lumber Camp |
| 2:01 | Queue | Villager (Male) |
| 2:01 | Queue | Villager (Male) |
| 2:02 | Queue | Villager (Male) |
| 2:12 | Queue | Villager (Male) |
| 2:12 | Queue | Villager (Male) |
| 2:44 | Queue | Villager (Male) |
| 2:44 | Queue | Villager (Male) |
| 3:13 | Queue | Villager (Male) |
| 3:33 | Queue | Villager (Male) |
| 3:50 | Queue | Villager (Male) |
| 3:50 | Queue | Villager (Male) |
| 3:55 | Build | House |
| 4:22 | Queue | Villager (Male) |
| 4:22 | Queue | Villager (Male) |
| 4:22 | Queue | Villager (Male) |
| 4:24 | Build | Mill |
| 4:30 | Build | Palisade Wall |
| 5:21 | Queue | Villager (Male) |
| 5:21 | Queue | Villager (Male) |
| 5:22 | Queue | Villager (Male) |
| 5:40 | Build | Palisade Wall |
| 5:41 | Build | Palisade Wall |
| 5:42 | Build | Palisade Wall |
| 6:11 | Build | House |
| 6:18 | Queue | Villager (Male) |
| 6:18 | Research | Loom |
| 6:35 | Build | Barracks |
| 7:04 | Build | Palisade Wall |
| 7:06 | Build | Palisade Wall |
| 7:08 | Build | Palisade Wall |
| 7:09 | Build | Palisade Wall |
| 7:10 | Build | Palisade Wall |
| 7:12 | Build | Palisade Wall |
| 7:20 | Build | Palisade Wall |
| 7:21 | Build | Palisade Wall |
| 7:22 | Build | Palisade Wall |
| 7:23 | Build | Palisade Wall |
| 7:24 | Build | Palisade Wall |
| 7:37 | Research | Feudal Age |
| 7:38 | Research | Feudal Age |
| 8:11 | Build | Mining Camp |
| 8:13 | Build | Palisade Wall |
| 8:14 | Build | Palisade Wall |
| 8:16 | Build | Palisade Wall |
| 8:22 | Build | Palisade Wall |
| 8:23 | Build | Palisade Wall |
| 8:32 | Build | Palisade Wall |
| 8:33 | Build | Palisade Wall |
| 8:35 | Build | Palisade Wall |
| 8:36 | Build | Palisade Wall |
| 8:37 | Build | Palisade Wall |
| 8:42 | Queue | Militia |
| 8:42 | Queue | Militia |
| 8:43 | Queue | Militia |
| 8:49 | Build | Palisade Wall |
| 8:59 | Build | House |
| 9:24 | Build | House |
| 9:43 | Build | Palisade Wall |
| 9:44 | Build | Palisade Wall |
| 9:45 | Build | Palisade Wall |
| 9:47 | Age | Feudal Age |
| 9:52 | Research | Man-at-Arms (upgrade) |
| 9:58 | Build | Archery Range |
| 10:06 | Queue | Villager (Male) |
| 10:07 | Build | Farm |
| 10:09 | Build | Farm |
| 10:11 | Build | Palisade Wall |
| 10:18 | Build | House |
| 10:30 | Build | Farm |
| 10:32 | Build | Farm |
| 10:34 | Build | Farm |
| 10:42 | Build | House |
| 10:52 | Queue | Villager (Male) |
| 10:54 | Build | Farm |
| 11:11 | Queue | Villager (Male) |
| 11:36 | Queue | Archer |
| 11:37 | Queue | Villager (Male) |
| 11:41 | Build | House |
| 12:00 | Queue | Villager (Male) |
| 12:20 | Queue | Villager (Male) |
| 12:23 | Queue | Archer |
| 12:34 | Build | Lumber Camp |
| 12:41 | Build | Blacksmith |
| 12:49 | Queue | Villager (Male) |
| 13:01 | Queue | Villager (Male) |
| 13:27 | Build | Palisade Wall |
| 13:28 | Build | Palisade Wall |
| 13:29 | Build | Palisade Wall |
| 13:30 | Build | Palisade Wall |
| 13:48 | Build | Mining Camp |
| 13:55 | Build | Palisade Wall |
| 13:56 | Build | Palisade Wall |
| 14:15 | Queue | Villager (Male) |
| 14:23 | Queue | Villager (Male) |
| 14:26 | Build | Farm |
| 14:39 | Build | Farm |
| 14:42 | Research | Town Watch |
| 14:43 | Research | Town Watch |
| 14:47 | Build | House |
| 14:49 | Build | Palisade Wall |
| 14:52 | Build | House |
| 14:57 | Queue | Villager (Male) |
| 15:08 | Build | Palisade Wall |
| 15:10 | Build | Palisade Wall |
| 15:11 | Build | Palisade Wall |
| 15:14 | Queue | Villager (Male) |
| 15:16 | Build | Farm |
| 15:17 | Build | Farm |
| 15:22 | Research | Fletching |
| 15:22 | Research | Fletching |
| 15:22 | Research | Fletching |
| 15:39 | Queue | Villager (Male) |
| 15:44 | Build | Farm |
| 15:52 | Queue | Archer |
| 15:54 | Queue | Villager (Male) |
| 16:12 | Queue | Skirmisher |
| 16:23 | Build | Watch Tower |
| 16:26 | Queue | Villager (Male) |
| 16:36 | Queue | Skirmisher |
| 16:39 | Research | Padded Archer Armor |
| 16:39 | Research | Padded Archer Armor |
| 16:40 | Research | Padded Archer Armor |
| 16:59 | Queue | Skirmisher |
| 17:13 | Queue | Villager (Male) |
| 17:17 | Build | Mining Camp |
| 17:29 | Queue | Skirmisher |
| 17:37 | Build | Palisade Wall |
| 17:38 | Build | Palisade Wall |
| 17:42 | Queue | Villager (Male) |
| 17:52 | Queue | Skirmisher |
| 18:07 | Queue | Villager (Male) |
| 18:18 | Queue | Skirmisher |
| 18:21 | Queue | Militia |
| 18:21 | Queue | Militia |
| 18:31 | Queue | Villager (Male) |
| 18:35 | Build | Lumber Camp |
| 18:46 | Queue | Villager (Male) |
| 18:48 | Build | House |
| 18:51 | Queue | Villager (Male) |
Build order — DS_SayGG
First 150 of 344 actions detected
| 0:00 | Queue | Villager (Male) |
| 0:00 | Queue | Villager (Male) |
| 0:02 | Build | House |
| 0:02 | Build | House |
| 0:04 | Queue | Villager (Male) |
| 0:04 | Queue | Villager (Male) |
| 1:16 | Queue | Villager (Male) |
| 1:47 | Queue | Villager (Male) |
| 2:29 | Queue | Villager (Male) |
| 2:42 | Queue | Villager (Male) |
| 2:53 | Build | Lumber Camp |
| 3:08 | Queue | Villager (Male) |
| 3:26 | Build | House |
| 3:31 | Queue | Villager (Male) |
| 3:32 | Queue | Villager (Male) |
| 3:55 | Queue | Villager (Male) |
| 4:18 | Queue | Villager (Male) |
| 4:50 | Queue | Villager (Male) |
| 5:07 | Queue | Villager (Male) |
| 5:08 | Queue | Villager (Male) |
| 5:20 | Build | Barracks |
| 5:52 | Build | House |
| 5:58 | Build | House |
| 6:00 | Queue | Villager (Male) ×4 |
| 6:00 | Queue | Villager (Male) ×4 |
| 6:18 | Queue | Militia |
| 6:18 | Queue | Militia |
| 6:19 | Queue | Villager (Male) |
| 6:22 | Build | House |
| 6:32 | Queue | Villager (Male) ×2 |
| 7:07 | Queue | Villager (Male) |
| 7:14 | Queue | Villager (Male) |
| 7:17 | Build | Mill |
| 7:41 | Research | Loom |
| 8:31 | Research | Feudal Age |
| 8:44 | Build | Mining Camp |
| 9:10 | Queue | Militia |
| 9:11 | Queue | Militia |
| 9:39 | Queue | Militia |
| 10:09 | Build | Mill |
| 10:26 | Queue | Villager (Male) |
| 10:36 | Queue | Militia |
| 10:41 | Age | Feudal Age |
| 10:41 | Research | Man-at-Arms (upgrade) |
| 10:41 | Research | Man-at-Arms (upgrade) |
| 10:45 | Queue | Villager (Male) ×3 |
| 10:56 | Build | Watch Tower |
| 11:01 | Queue | Villager (Male) |
| 11:06 | Queue | Villager (Male) |
| 11:07 | Queue | Villager (Male) |
| 11:15 | Queue | Villager (Male) |
| 11:39 | Build | House |
| 11:55 | Build | House |
| 11:59 | Queue | Villager (Male) |
| 12:05 | Queue | Villager (Male) |
| 12:13 | Research | Double-Bit Axe |
| 12:14 | Queue | Villager (Male) ×2 |
| 12:25 | Queue | Villager (Male) |
| 12:27 | Build | Farm |
| 12:38 | Build | Mining Camp |
| 13:02 | Build | Palisade Wall |
| 13:03 | Build | Palisade Wall |
| 13:03 | Build | Palisade Wall |
| 13:12 | Queue | Villager (Male) |
| 13:13 | Queue | Villager (Male) ×2 |
| 13:37 | Queue | Villager (Male) |
| 13:46 | Build | Archery Range |
| 14:00 | Queue | Villager (Male) |
| 14:12 | Queue | Villager (Male) |
| 14:26 | Queue | Villager (Male) |
| 14:31 | Queue | Skirmisher |
| 14:31 | Queue | Skirmisher |
| 14:33 | Queue | Villager (Male) ×2 |
| 14:34 | Build | Farm |
| 14:44 | Queue | Skirmisher |
| 14:52 | Build | House |
| 15:02 | Build | Watch Tower |
| 15:06 | Queue | Villager (Male) |
| 15:06 | Queue | Villager (Male) |
| 15:08 | Build | Farm |
| 15:22 | Build | House |
| 15:23 | Queue | Skirmisher |
| 15:23 | Queue | Skirmisher |
| 15:40 | Queue | Villager (Male) |
| 15:48 | Build | Palisade Wall |
| 15:49 | Build | Palisade Wall |
| 15:50 | Build | Palisade Wall |
| 15:51 | Build | Palisade Wall |
| 15:53 | Build | Palisade Wall |
| 15:59 | Queue | Skirmisher |
| 15:59 | Queue | Villager (Male) |
| 16:00 | Queue | Villager (Male) ×4 |
| 16:01 | Build | House |
| 16:27 | Build | Farm |
| 16:28 | Build | Farm |
| 16:47 | Build | Watch Tower |
| 16:49 | Queue | Villager (Male) |
| 17:00 | Build | Farm |
| 17:01 | Build | Farm |
| 17:02 | Build | Farm |
| 17:12 | Build | Farm |
| 17:13 | Build | Farm |
| 17:15 | Build | Farm |
| 17:16 | Build | Farm |
| 17:20 | Queue | Villager (Male) |
| 17:25 | Build | House |
| 17:40 | Build | Farm |
| 17:42 | Queue | Archer ×2 |
| 17:48 | Queue | Villager (Male) |
| 18:05 | Queue | Villager (Male) |
| 18:16 | Queue | Militia |
| 18:17 | Queue | Militia |
| 18:19 | Queue | Villager (Male) ×2 |
| 18:26 | Build | Farm |
| 18:27 | Build | Farm |
| 18:28 | Build | Farm |
| 18:40 | Build | House |
| 18:41 | Build | Palisade Wall |
| 18:44 | Build | Palisade Wall |
| 18:51 | Queue | Militia ×3 |
| 18:56 | Queue | Militia |
| 19:08 | Queue | Villager (Male) |
| 19:11 | Build | Blacksmith |
| 19:14 | Queue | Villager (Male) ×3 |
| 19:16 | Queue | Villager (Male) |
| 19:28 | Queue | Archer ×5 |
| 19:29 | Queue | Villager (Male) |
| 19:35 | Queue | Militia |
| 19:36 | Queue | Militia |
| 19:46 | Build | Lumber Camp |
| 20:10 | Queue | Militia |
| 20:10 | Queue | Militia |
| 20:12 | Queue | Villager (Male) ×3 |
| 20:14 | Build | Farm |
| 20:14 | Build | Farm |
| 20:15 | Build | Farm |
| 20:16 | Build | Farm |
| 20:36 | Queue | Villager (Male) |
| 20:40 | Queue | Villager (Male) |
| 20:43 | Build | Market |
| 21:23 | Build | Watch Tower |
| 21:31 | Research | Scale Mail Armor |
| 21:35 | Queue | Villager (Male) |
| 21:40 | Build | Lumber Camp |
| 22:04 | Research | Castle Age |
| 22:20 | Queue | Villager (Male) |
| 22:22 | Build | Mill |
| 22:23 | Build | Farm |
| 22:23 | Build | Farm |
| 22:23 | Build | Farm |
Match timeline
| 4:30 | Parzivall · wall_segment Palisade Wall x1 |
| 5:20 | DS_SayGG · first_building Barracks |
| 5:40 | Parzivall · wall_segment Palisade Wall x1 |
| 5:41 | Parzivall · wall_segment Palisade Wall x1 |
| 5:42 | Parzivall · wall_segment Palisade Wall x1 |
| 6:35 | Parzivall · first_building Barracks |
| 7:04 | Parzivall · wall_segment Palisade Wall x1 |
| 7:06 | Parzivall · wall_segment Palisade Wall x1 |
| 7:08 | Parzivall · wall_segment Palisade Wall x1 |
| 7:09 | Parzivall · wall_segment Palisade Wall x1 |
| 7:10 | Parzivall · wall_segment Palisade Wall x1 |
| 7:12 | Parzivall · wall_segment Palisade Wall x1 |
| 7:20 | Parzivall · wall_segment Palisade Wall x1 |
| 7:21 | Parzivall · wall_segment Palisade Wall x1 |
| 7:22 | Parzivall · wall_segment Palisade Wall x1 |
| 7:23 | Parzivall · wall_segment Palisade Wall x1 |
| 7:24 | Parzivall · wall_segment Palisade Wall x1 |
| 8:13 | Parzivall · wall_segment Palisade Wall x1 |
| 8:14 | Parzivall · wall_segment Palisade Wall x1 |
| 8:16 | Parzivall · wall_segment Palisade Wall x1 |
| 8:22 | Parzivall · wall_segment Palisade Wall x1 |
| 8:23 | Parzivall · wall_segment Palisade Wall x1 |
| 8:32 | Parzivall · wall_segment Palisade Wall x1 |
| 8:33 | Parzivall · wall_segment Palisade Wall x1 |
| 8:35 | Parzivall · wall_segment Palisade Wall x1 |
| 8:36 | Parzivall · wall_segment Palisade Wall x1 |
| 8:37 | Parzivall · wall_segment Palisade Wall x1 |
| 8:49 | Parzivall · wall_segment Palisade Wall x1 |
| 9:43 | Parzivall · wall_segment Palisade Wall x1 |
| 9:44 | Parzivall · wall_segment Palisade Wall x1 |
| 9:45 | Parzivall · wall_segment Palisade Wall x1 |
| 9:47 | Parzivall · age_up feudal |
| 9:58 | Parzivall · first_building Archery Range |
| 10:11 | Parzivall · wall_segment Palisade Wall x1 |
| 10:41 | DS_SayGG · age_up feudal |
| 13:02 | DS_SayGG · wall_segment Palisade Wall x1 |
| 13:03 | DS_SayGG · wall_segment Palisade Wall x2 |
| 13:03 | DS_SayGG · wall_segment Palisade Wall x1 |
| 13:27 | Parzivall · wall_segment Palisade Wall x1 |
| 13:28 | Parzivall · wall_segment Palisade Wall x1 |
| 13:29 | Parzivall · wall_segment Palisade Wall x1 |
| 13:30 | Parzivall · wall_segment Palisade Wall x1 |
| 13:46 | DS_SayGG · first_building Archery Range |
| 13:55 | Parzivall · wall_segment Palisade Wall x1 |
| 13:56 | Parzivall · wall_segment Palisade Wall x1 |
| 14:49 | Parzivall · wall_segment Palisade Wall x1 |
| 15:08 | Parzivall · wall_segment Palisade Wall x1 |
| 15:10 | Parzivall · wall_segment Palisade Wall x1 |
| 15:11 | Parzivall · wall_segment Palisade Wall x1 |
| 15:48 | DS_SayGG · wall_segment Palisade Wall x1 |
| 15:49 | DS_SayGG · wall_segment Palisade Wall x1 |
| 15:50 | DS_SayGG · wall_segment Palisade Wall x1 |
| 15:51 | DS_SayGG · wall_segment Palisade Wall x1 |
| 15:53 | DS_SayGG · wall_segment Palisade Wall x1 |
| 17:37 | Parzivall · wall_segment Palisade Wall x1 |
| 17:38 | Parzivall · wall_segment Palisade Wall x1 |
| 18:41 | DS_SayGG · wall_segment Palisade Wall x1 |
| 18:44 | DS_SayGG · wall_segment Palisade Wall x1 |
| 21:50 | DS_SayGG · first_market_buy 100 food |
| 21:54 | DS_SayGG · first_market_sell 100 wood |
| 23:05 | DS_SayGG · wall_segment Stone Wall x1 |
| 24:21 | Parzivall · first_market_sell 500 wood |
| 24:22 | Parzivall · first_market_buy 100 food |
| 24:44 | DS_SayGG · age_up castle |
| 25:14 | Parzivall · first_building Stable |
| 25:15 | DS_SayGG · first_building Siege Workshop |
| 26:20 | Parzivall · wall_segment Palisade Wall x1 |
| 26:32 | Parzivall · wall_segment Palisade Wall x1 |
| 26:33 | Parzivall · wall_segment Palisade Wall x1 |
| 26:39 | Parzivall · wall_segment Palisade Wall x1 |
| 26:53 | Parzivall · wall_segment Palisade Wall x1 |
| 27:27 | Parzivall · age_up castle |
| 27:35 | Parzivall · first_building Castle |
| 27:42 | Parzivall · wall_segment Palisade Wall x1 |
| 28:03 | Parzivall · wall_segment Palisade Wall x1 |
| 29:47 | DS_SayGG · wall_segment Stone Wall x1 |
| 29:47 | DS_SayGG · wall_segment Stone Wall x1 |
| 29:48 | DS_SayGG · wall_segment Stone Wall x1 |
| 29:49 | DS_SayGG · wall_segment Palisade Wall x1 |
| 29:49 | DS_SayGG · wall_segment Stone Wall x1 |
| 30:31 | DS_SayGG · first_building Monastery |
| 31:45 | Parzivall · wall_segment Palisade Wall x1 |
| 32:17 | Parzivall · wall_segment Stone Wall x1 |
| 32:18 | Parzivall · wall_segment Stone Wall x1 |
| 32:19 | Parzivall · wall_segment Stone Wall x1 |
| 32:23 | Parzivall · wall_segment Stone Wall x1 |
| 32:24 | Parzivall · wall_segment Stone Wall x1 |
| 32:30 | Parzivall · wall_segment Stone Wall x1 |
| 32:35 | Parzivall · wall_segment Stone Wall x1 |
| 32:35 | Parzivall · wall_segment Stone Wall x1 |
| 36:57 | Parzivall · wall_segment Stone Wall x2 |
| 36:59 | Parzivall · wall_segment Stone Wall x1 |
| 37:03 | Parzivall · wall_segment Stone Wall x1 |
| 37:08 | Parzivall · wall_segment Stone Wall x1 |
| 37:27 | Parzivall · wall_segment Stone Wall x1 |
| 37:30 | Parzivall · wall_segment Stone Wall x1 |
| 37:31 | Parzivall · wall_segment Stone Wall x1 |
| 37:33 | Parzivall · wall_segment Stone Wall x1 |
| 37:37 | Parzivall · wall_segment Stone Wall x1 |
| 37:54 | DS_SayGG · first_building Castle |
| 39:43 | DS_SayGG · age_up imperial |
| 39:49 | Parzivall · resign |
[ AI ANALYSIS · 1 CREDIT ]
What really happened in this match?
Wolo.gg analyzes every decision: build order, eco, micro, common mistakes by bracket. Personalized analysis on WhatsApp or Discord in 30 seconds.
Civ guide
Portuguese
Perfil
Jugador #6283928